cohdb
Replays
Latest Replays
All Replays
Popular Replays
Top Player Replays
Match Explorer
How It Works
Community
CoH3 Stats
Reddit
Sign in to upload your games and track your stats! →
Sign in with Steam
Another unlikely win wp teammates
Match 14937832
Overview
Messages
Build Orders
End
Kettenkrad Recon Vehicle
Construct Infanterie Kompanie
Selects Mechanized Battlegroup
MG 42 Machine Gun Team
Grenadier Squad
Grenadier Squad
Construct Panzergrenadier Kompanie
Kettenkrad Recon Vehicle
251 Medium Carrier
Panzergrenadier Squad
Selects Raid Package
Pak 40 Anti-tank Gun Team
Pioneer Squad
GrW 34 Mortar Team
Selects 8 Rad Armored Car
8 Rad Armored Car
Construct Panzer Kompanie
Pak 40 Anti-tank Gun Team
Kettenkrad Recon Vehicle
Panzer IV Medium Tank
Selects Panther Heavy Tank
Panther Heavy Tank
Pioneer Squad
Selects Spotting Scopes
Selects Zeroing Artillery Barrage
251 Medium Carrier
Grenadier Squad
Zeroing Artillery Barrage
Selects Wespe Self-propelled Artillery
Wespe Self-propelled Artillery
EisregenKubus0
Samson (MykillJackson)
Empa
oki
Generick
Ssezra
0
0
Comments
sign in to comment!
No comments posted yet!